 Dungeon Crawl Stone Soup version 0.30.1-11-g7821555f0a (webtiles) character file.

Game seed: 5580346570069372818

5658 anacleto the Severer (level 10, -4/83 HPs)
             Began as a Minotaur Berserker on Dec 10, 2023.
             Was a Believer of Trog.
             Slain by a vampire (11 damage)
             ... on level 9 of the Dungeon.
             The game lasted 00:18:04 (8437 turns).

anacleto the Severer (Minotaur Berserker)           Turns: 8437, Time: 00:18:04

Health: -4/83      AC:  8    Str: 31    XL:     10   Next: 46%
Magic:  0/9        EV: 12    Int:  8    God:    Trog [**....]
Gold:   316        SH:  0    Dex:  7    Spells: 9/9 levels left

rFire   . . .        b - +9 hammer "Ofuqetem" {flame, Str+5 Int+4 Dex-3}
rCold   . . .        (no shield)
rNeg    . . .        j - +0 ring mail
rPois   .            c - +2 hat
rElec   .            (no cloak)
rCorr   .            (no gloves)
SInv    .            (no boots)
Will    .....        l - amulet of guardian spirit Stlth
                     (no ring)
HPRegen 0.33/turn    (no ring)
MPRegen 0.11/turn

%: guardian spirit
@: on berserk cooldown, slowed, very slow
A: horns 2, retaliatory headbutt
a: Renounce Religion, Berserk, Trog's Hand


You were on level 9 of the Dungeon.
You worshipped Trog.
Trog was pleased with you.
You visited 1 branch of the dungeon, and saw 9 of its levels.

You collected 540 gold pieces.
You spent 224 gold pieces at shops.

Inventory:

Hand Weapons
 a - a +0 hand axe
 b - the +9 hammer "Ofuqetem" (weapon) {flame, Str+5 Int+4 Dex-3}
   (You found it on level 4 of the Dungeon)

   Str:       It affects your strength (+5).
   Int:       It affects your intelligence (+4).
   Dex:       It affects your dexterity (-3).
Missiles
 C - 2 throwing nets (quivered)
Armour
 c - a +2 hat (worn)
 j - a +0 ring mail (worn)
Jewellery
 l - an amulet of guardian spirit (around neck)
 w - a ring of willpower
Wands
 r - a wand of flame (49)
 y - a wand of mindburst (10)
 E - a wand of charming (29)
Scrolls
 e - 2 scrolls of enchant weapon {unknown}
 h - a scroll of amnesia {unknown}
 k - 3 scrolls of teleportation
 o - a scroll of butterflies {unknown}
 p - a scroll of brand weapon {unknown}
 t - a scroll of fog {unknown}
 u - 2 scrolls of vulnerability {unknown}
 v - 2 scrolls of noise {unknown}
 z - 3 scrolls of identify {unknown}
 A - a scroll of immolation {unknown}
 H - a scroll of enchant armour {unknown}
 I - a scroll of torment {unknown}
Potions
 d - 6 potions of curing {unknown}
 f - 3 potions of magic {unknown}
 g - 2 potions of mutation {unknown}
 i - 3 potions of haste
 m - 4 potions of cancellation {unknown}
 n - 2 potions of lignification {unknown}
 q - 2 potions of attraction {unknown}
 s - a potion of brilliance {unknown}
 x - 2 potions of degeneration {unknown}
 B - 2 potions of flight {unknown}
 D - a potion of invisibility {unknown}
 F - a potion of might {unknown}
 G - a potion of heal wounds {unknown}


   Skills:
 + Level 6.3 Fighting
 * Level 16.5 Axes
 + Level 5.6 Armour
 + Level 5.2 Dodging


You had 9 spell levels left.
You didn't know any spells.
Your spell library was empty.

Dungeon Overview and Level Annotations

Branches:
Dungeon (9/15)             Temple (0/1) D:6
   Lair: D:8-11         Orc: D:9-12

Altars:
Ashenzari
Kikubaaqudgha
Okawaru
Qazlal
Ru
Vehumet
Wu Jian
Yredelemnul
The Shining One

Shops:
D:1 (   D:6 [


Innate Abilities, Weirdness & Mutations

You have a pair of horns on your head.
You reflexively headbutt those who attack you in melee.


Message History

Trog accepts your kill.
A vampire comes into view.
A two-headed ogre comes into view.
It is wielding a +0 giant spiked club and a +0 giant club.
The two-headed ogre shouts in stereo!
You feel a strong urge to attack something.
The howler monkey hits you but does no damage.
You sock the howler monkey! You burn the howler monkey.
You kill the howler monkey!
Trog accepts your kill.
The vampire mumbles some strange words.
The vampire flickers and vanishes!
Deactivating autopickup; reactivate with Ctrl-A.
You see here a howler monkey corpse.
You feel a strong urge to attack something.
You sock something! You burn something. You headbutt something.
Something hits you but does no damage. Something bites you but does no damage.
The two-headed ogre hits you with a +0 giant spiked club!!
The two-headed ogre hits you with a +0 giant club!
You miss something. Your headbutt misses something.
You are no longer berserk.
You are exhausted.
You feel yourself slow down.
You bludgeon the two-headed ogre!! You burn the two-headed ogre!
The two-headed ogre is heavily wounded.
Something hits you. Something bites you but does no damage.
The two-headed ogre hits you with a +0 giant spiked club.
The two-headed ogre hits you with a +0 giant club.
You thump the two-headed ogre! You burn the two-headed ogre.
Your headbutt misses the two-headed ogre.
The two-headed ogre is severely wounded.
Something draws life force from you! Something hits you! Something bites you!
Something draws strength from your injuries!
The two-headed ogre barely misses you.
The two-headed ogre hits you with a +0 giant club!!
* * * LOW HITPOINT WARNING * * *
You sock the two-headed ogre! You burn the two-headed ogre.
Your headbutt misses the two-headed ogre.
The two-headed ogre is almost dead.
Something completely misses you. Something bites you!
You die...

......###.....#..........
.... ##...............
<.... #...............
.....# ##...............
......###................
.........................
............†............
.......O.†...............
.......{@................
.#..............###.....#
##............## ##...##
#.............# .
.....(...#.....#
........###.....# .......
...... ....... .....


You could see a two-headed ogre.

Vanquished Creatures
  Erica (D:8)
  A boulder beetle (D:8)
  Pikel (D:4)
  Maurice (D:8)
  A hornet (D:7)
  Grinder (D:4)
  A wyvern (D:7)
  A wraith (D:9)
  Menkaure (D:4)
  A water moccasin (D:9)
  Duvessa (D:5)
  An ice beast (D:6)
  2 orc warriors
  A sky beast (D:6)
  A black bear (D:4)
  2 ogres
  A centaur (D:8)
  A phantom (D:4)
  Blork the orc (D:5)
  5 bullfrogs
  A kobold brigand (D:6)
  A gnoll sergeant (D:4)
  A scorpion (D:4)
  Dowan (D:5)
  6 howler monkeys
  6 orc priests
  3 hounds
  A jelly (D:4)
  Crazy Yiuf (D:4)
  2 sleepcaps
  3 iguanas
  Natasha (thrice) (D:2)
  7 orc wizards
  A mummy (D:8)
  10 gnolls
  10 adders
  2 shadow imps
  3 white imps
  2 ufetubi
  4 worms
  A dart slug (D:4)
  32 orcs
  9 ball pythons
  5 endoplasms
  3 giant cockroaches
  6 hobgoblins
  3 jackals (D:1)
  2 quokkas
  5 frilled lizards
  4 goblins
  11 kobolds
  3 kobold zombies (D:8)
  An orc zombie (D:8)
  2 rats
181 creatures vanquished.

Notes
Turn   | Place    | Note
-------+----------+-------------------------------------------
     0 | D:1      | anacleto the Minotaur Berserker began the quest for the
                  | Orb.
     0 | D:1      | Reached XP level 1. HP: 19/19 MP: 0/0
   187 | D:1      | Found Jaokitt's Weapon Boutique.
   230 | D:1      | Reached skill level 4 in Axes
   357 | D:1      | Reached XP level 2. HP: 21/27 MP: 1/1
   915 | D:2      | Reached ** piety under Trog
   923 | D:2      | Reached skill level 5 in Axes
   923 | D:2      | Reached XP level 3. HP: 33/33 MP: 2/2
   997 | D:2      | Noticed Natasha
  1207 | D:2      | Killed Natasha
  1323 | D:2      | Reached XP level 4. HP: 31/40 MP: 3/3
  1326 | D:2      | Reached skill level 6 in Axes
  1660 | D:2      | Noticed Natasha
  1665 | D:2      | Killed Natasha
  1980 | D:2      | Noticed Natasha
  1987 | D:2      | Killed Natasha
  1988 | D:2      | Reached skill level 7 in Axes
  1988 | D:2      | Reached XP level 5. HP: 46/46 MP: 4/4
  2836 | D:4      | Noticed a phantom
  2842 | D:4      | Killed a phantom
  2843 | D:4      | Reached skill level 8 in Axes
  2843 | D:4      | Reached XP level 6. HP: 52/52 MP: 5/5
  3042 | D:4      | Reached skill level 9 in Axes
  3106 | D:4      | Noticed Grinder
  3119 | D:4      | Killed Grinder
  3120 | D:4      | Reached skill level 10 in Axes
  3120 | D:4      | Reached XP level 7. HP: 58/58 MP: 6/6
  3214 | D:4      | You fall into a shaft and drop 3 floors!
  3295 | D:6      | Reached skill level 11 in Axes
  3542 | D:6      | Reached XP level 8. HP: 56/66 MP: 7/7
  3608 | D:6      | Found a staircase to the Ecumenical Temple.
  3732 | D:6      | Found Yvvussor's Antique Armour Shop.
  3739 | D:6      | Reached skill level 12 in Axes
  3822 | D:6      | Bought a runed scarf for 224 gold pieces
  3844 | D:5      | Entered Level 5 of the Dungeon
  3876 | D:4      | Noticed Pikel
  3979 | D:4      | Killed Pikel
  3980 | D:4      | Reached skill level 13 in Axes
  4523 | D:4      | Found a runed translucent door.
  4524 | D:4      | Noticed Crazy Yiuf
  4578 | D:4      | Killed Crazy Yiuf
  4585 | D:4      | Identified the +9 hammer "Ofuqetem" {flame, Str+5 Int+4
                  | Dex-3}
  4627 | D:4      | Noticed Menkaure
  4630 | D:4      | Killed Menkaure
  4735 | D:4      | Reached skill level 14 in Axes
  4891 | D:5      | Noticed Blork the orc
  4893 | D:5      | Killed Blork the orc
  4894 | D:5      | Reached XP level 9. HP: 66/71 MP: 8/8
  5024 | D:5      | Noticed Dowan
  5039 | D:5      | Killed Dowan
  5203 | D:5      | Noticed Duvessa
  5209 | D:5      | Killed Duvessa
  5219 | D:5      | Reached skill level 15 in Axes
  5308 | D:5      | Found a sacrificial altar of Ru.
  5308 | D:5      | Found a radiant altar of Vehumet.
  6035 | D:6      | Found a glowing golden altar of the Shining One.
  7222 | D:7      | Found an ancient bone altar of Kikubaaqudgha.
  7222 | D:7      | Found an ornate altar of the Wu Jian Council.
  7224 | D:7      | Found a broken altar of Ashenzari.
  7326 | D:7      | Found an iron altar of Okawaru.
  7429 | D:8      | Reached skill level 5 in Fighting
  7526 | D:8      | Noticed Erica
  7530 | D:8      | Killed Erica
  7531 | D:8      | Reached XP level 10. HP: 81/81 MP: 7/9
  7557 | D:8      | Reached skill level 16 in Axes
  7611 | D:8      | Found a basalt altar of Yredelemnul.
  7668 | D:8      | Found a stormy altar of Qazlal.
  7671 | D:8      | Noticed Maurice
  7699 | D:8      | Killed Maurice
  7700 | D:8      | Reached skill level 5 in Armour
  7989 | D:8      | Noticed a boulder beetle
  8005 | D:8      | Killed a boulder beetle
  8006 | D:8      | Reached skill level 5 in Dodging
  8428 | D:9      | Noticed a two-headed ogre
  8437 | D:9      | Slain by a vampire

Illustrated notes

Levels and vault maps discovered:
D:1:      tekkud_arrival_beachfront_property, layout_loops_ring, serial_shops,
          nicolae_shop_just_a_little_nook
D:2:      layout_loops_cross, kennysheep_generic_room_11, uniq_natasha
D:3:      layout_basic, nicolae_kite_square_tiling_tiny, glass_columns_a
D:4:      layout_loops_ring, cheibrodos_sewer_entry_bend, lightli_minifort,
          uniq_crazy_yiuf_cottage, uniq_menkaure, uniq_pikel, uniq_grinder
D:5:      layout_rooms, gammafunk_temple_overflow_wave,
          chequers_serial_rivers_micro_b, nicolae_sextant, grunt_ministairs_9,
          nicolae_figureground_pulse, uniq_duvessa, uniq_blork_the_orc
D:6:      layout_basic, lemuel_doored_altar, temple_doors_e, serial_shops, shop
D:7:      layout_loops_ring, mainiacjoe_overflow_alcove_1, minitemple,
          serial_bayou_pond_e
D:8:      layout_loops_ring, amcnicky_altar_gilded,
          mainiacjoe_overflow_brackets, minmay_mini_ossuary, uniq_erica,
          uniq_maurice
D:9:      layout_big_octagon, mainiacjoe_overflow_big_doors, uniq_joseph,
          uniq_gastronok, uniq_grum

Skill      XL: |  1  2  3  4  5  6  7  8  9 10 |
---------------+-------------------------------+-----
Axes           | 4 5 7 8 10 11 14 15 16 | 16.5
Fighting       | 5 6 |  6.3
Armour         | 4 5 |  5.6
Dodging        | 4 5 |  5.2

Action                     |  1- 3 |  4- 6 |  7- 9 | 10-12 || total
---------------------------+-------+-------+-------+-------++-------
  Melee: Hand axe          |    69 |    72 |   103 |       ||   244
         Headbutt          |     9 |    11 |    34 |     5 ||    59
         Punch             |       |     1 |     1 |       ||     2
         Mace              |       |       |   118 |    56 ||   174
 Invoke: Berserk           |     4 |     9 |    20 |     5 ||    38
  Evoke: Wand              |       |     2 |     2 |       ||     4
    Use: Scroll            |       |       |     1 |       ||     1
   Stab: Sleeping          |     2 |       |       |       ||     2
 Armour: Animal skin       |    18 |       |       |       ||    18
         Ring mail         |     3 |    25 |    67 |     8 ||   103
  Dodge: Dodged            |    37 |    45 |   116 |    21 ||   219
